 Dungeon Crawl Stone Soup version 0.31-a0-234-gad7ace16ef (webtiles) character file.

Game seed: 1261226873007800875

46 qw the Shooter (level 3, 0/21 HPs)
             Began as a Gargoyle Hexslinger on July 9, 2023.
             Slain by an orc wizard
             ... wielding a +0 dagger
              (1 damage)
             ... on level 4 of the Dungeon.
             The game lasted 00:00:36 (1850 turns).

qw the Shooter (Gargoyle Hexslinger)                Turns: 1850, Time: 00:00:37

Health: 0/21       AC:  9    Str: 10 (11) XL:     3   Next: 66%
Magic:  4/4        EV: 10    Int: 12 (13) God:
Gold:   53         SH:  0    Dex: 11 (14) Spells: 3/4 levels left

rFire   . . .        Y - +1 sling
rCold   . . .        (no shield)
rNeg    + . .        a - +0 ring mail
rPois   inf          (no helmet)
rElec   +            (no cloak)
rCorr   .            (no gloves)
SInv    .            b - +0 pair of boots
Will    +....        (no amulet)
Stlth   +            i - ring of willpower
HPRegen 0.23/turn    (no ring)
MPRegen 0.09/turn

%: no passive effects
@: no status effects
A: sickness immunity, AC +3, negative energy resistance 1, electricity
resistance, torment resistance 1, petrification resistance, deterioration 1
a: no special abilities


You were on level 4 of the Dungeon.
You visited 1 branch of the dungeon, and saw 4 of its levels.

You collected 185 gold pieces.
You spent 132 gold pieces at shops.


Innate Abilities, Weirdness & Mutations

You are immune to sickness and miasma.
Your stone body is resilient. (AC +3)
You are immune to poison.
You resist negative energy. (rN+)
You are resistant to electric shocks. (rElec)
You are resistant to unholy torment.
You are immune to petrification.
Your body sometimes deteriorates upon taking damage.


   Skills:
 - Level 2.0 Fighting
 + Level 3.3 Ranged Weapons
 - Level 1.0 Armour
 - Level 1.5 Dodging
 - Level 1.0 Spellcasting
 - Level 2.6 Hexes


You had 3 spell levels left.
You knew the following spells:

 Your Spells              Type           Power      Damage    Failure   Level
a - Slow                  Hex            28%        N/A       26%         1

Your spell library contained the following spells:

 Spells                   Type           Power      Damage    Failure   Level
 Inner Flame              Hex/Fire       3%         N/A       78%         3
 Portal Projectile        Hex/Tloc       6%         N/A       78%         3
 Cause Fear               Hex            3%         N/A       94%         4

Inventory:

Hand Weapons
 Y - a +1 sling (weapon)
Armour
 a - a +0 ring mail (worn)
 b - a +0 pair of boots (worn)
Jewellery
 i - a ring of willpower (left hand)
Scrolls
 e - 5 scrolls of teleportation
 f - 3 scrolls of identify
Potions
 d - 2 potions of heal wounds
 h - a potion of curing

Dungeon Overview and Level Annotations

Branches:
Dungeon (4/15)
 Temple: D:4-7

Altars:

Shops:
D:1 :   D:2 (   D:3 ?


Message History

You shoot a sling bullet.
You hear some strange, mumbled words.
A puff of flame appears from out of thin air!
The puff of flame hits you.
You shoot a sling bullet.
You hear some strange, mumbled words.
Something tries to affect you, but you resist.
You shoot a sling bullet. Something hits you but does no damage.
You hear some strange, mumbled words.
A magic dart appears from out of thin air!
The magic dart hits you.
You shoot a sling bullet. Something hits you.
You shoot a sling bullet.
Something hits you but does no damage. x2
You shoot a sling bullet. Something hits you.
You shoot a sling bullet. Something completely misses you.
Something hits you but does no damage.
You shoot a sling bullet.
You hear some strange, mumbled words.
Something tries to affect you, but you resist.
You shoot a sling bullet. Something hits you but does no damage.
You shoot a sling bullet. Something hits you but does no damage.
Something hits you.
You shoot a sling bullet. Something hits you but does no damage.
You shoot a sling bullet.
Something hits you but does no damage. x2
You shoot a sling bullet. Something hits you but does no damage.
You shoot a sling bullet.
You hear some strange, mumbled words.
A puff of flame appears from out of thin air!
The puff of flame hits you.
You shoot a sling bullet. Something hits you.
You die...

.. .# .# .# .#
.#
############.#
#..........@.#
#.#########{.#
#.# #..# #.#
....# #.#
.#.... #.# ..
..### #.# .#
### #.# #. #.#


There were no monsters in sight!

Vanquished Creatures
  3 worms
  An orc (D:4)
  2 ball pythons (D:1)
  3 bats
  6 endoplasms
  A giant cockroach (D:1)
  3 goblins
  4 hobgoblins
  A kobold (D:1)
  3 quokkas
  2 frilled lizards
  2 rats
31 creatures vanquished.

Notes
Turn   | Place    | Note
-------+----------+-------------------------------------------
     0 | D:1      | qw the Gargoyle Hexslinger began the quest for the Orb.
     0 | D:1      | Reached XP level 1. HP: 12/12 MP: 2/2
     0 | D:1      | 0 ||| qw: Version: 0.3-a-51-g015441d
     0 | D:1      | 0 ||| qw: Game counter: 4056
     0 | D:1      | 0 ||| qw: Melee chars always use a shield: true
     0 | D:1      | 0 ||| qw: God list: Okawaru
     0 | D:1      | 0 ||| qw: Allow faded altars: false
     0 | D:1      | 0 ||| qw: Do Orc after clearing Dungeon:15 true
     0 | D:1      | 0 ||| qw: Do second Lair branch before Depths: true
     0 | D:1      | 0 ||| qw: Lair rune preference: random
     0 | D:1      | 0 ||| qw: Goals: Normal
     0 | D:1      | 0 ||| PLANNING D:1-11
    97 | D:1      | Found Jeuroiha's Book Shoppe.
   157 | D:1      | Reached XP level 2. HP: 16/16 MP: 3/3
   318 | D:1      | Reached skill level 3 in Ranged Weapons
   418 | D:1      | Found a faded altar of an unknown god.
   505 | D:1      | 505 ||| READING scroll labelled IDOJOFEPIETH.
   508 | D:1      | 508 ||| READING scroll labelled ZEELUE KOGUEDUHI.
   509 | D:1      | 509 ||| DRINKING 3 puce potions.
   510 | D:1      | 510 ||| DROPPING scroll of poison.
   645 | D:2      | Found Lyistreu's Antique Weapon Boutique.
   649 | D:2      | 649 ||| SHOPLISTING crystal shortbow (240 gold, have 49).
  1074 | D:2      | Reached XP level 3. HP: 21/21 MP: 4/4
  1137 | D:2      | 1137 ||| UPGRADING to +0 ring mail.
  1147 | D:2      | 1147 ||| UPGRADING to +0 pair of boots.
  1152 | D:2      | 1152 ||| DROPPING +0 robe.
  1153 | D:2      | 1153 ||| READING scroll labelled EQEERE IRCHOEHI.
  1154 | D:2      | 1154 ||| READING scroll labelled GIPSUT ZIKELY.
  1155 | D:2      | 1155 ||| READING scroll labelled GOFEBO XYKH.
  1156 | D:2      | 1156 ||| DRINKING 3 brown potions.
  1157 | D:2      | 1157 ||| DRINKING 2 purple potions.
  1158 | D:2      | 1158 ||| DROPPING 2 potions of degeneration.
  1382 | D:3      | Reached skill level 1 in Armour
  1707 | D:3      | Found Unguih's Magic Scroll Shop.
  1712 | D:3      | 1712 ||| BUYING scroll of identify (24 gold).
  1712 | D:3      | Bought a scroll of identify for 24 gold pieces
  1712 | D:3      | 1712 ||| BUYING scroll of teleportation (36 gold).
  1712 | D:3      | Bought a scroll of teleportation for 36 gold pieces
  1712 | D:3      | 1712 ||| BUYING scroll of teleportation (36 gold).
  1712 | D:3      | Bought a scroll of teleportation for 36 gold pieces
  1712 | D:3      | 1712 ||| BUYING scroll of teleportation (36 gold).
  1712 | D:3      | Bought a scroll of teleportation for 36 gold pieces
  1759 | D:3      | 1759 ||| UPGRADING to ring of willpower.
  1760 | D:3      | 1760 ||| READING scroll labelled VUDWOC ZYXZI.
  1761 | D:3      | 1761 ||| DRINKING 2 viscous red potions.
  1761 | D:3      | Gained mutation: You are vulnerable to heat. (rF-) [potion
                  | of mutation]
  1762 | D:3      | 1762 ||| DRINKING potion of mutation.
  1762 | D:3      | Lost mutation: You are vulnerable to heat. (rF-) [potion of
                  | mutation]
  1762 | D:3      | Gained mutation: Your body sometimes deteriorates upon
                  | taking damage. [potion of mutation]
  1849 | D:4      | HP: 1/21 [something/puff of flame (6)]
  1850 | D:4      | Slain by an orc wizard

Levels and vault maps discovered:
D:1:      psy_arrival_basics, layout_basic, serial_shops, shop,
          dreamdust_ecumenical_altar_grove, minmay_splitting_lines,
          minmay_misc_feat_rugged, dk_noncrumbling_4, grunt_decor_mini_mirrors
D:2:      layout_loops_ring, serial_shops, nicolae_shop_just_a_little_nook
D:3:      layout_basic, serial_shops, nicolae_square_shop, minmay_misc_feat_chi
D:4:      layout_loops_ring, mainiacjoe_overflow_alcove_1

Skill      XL: |  1  2  3 |
---------------+----------+-----
Ranged Weapons | 3 |  3.3
Fighting       | 2 |  2.0
Armour         | 1 |  1.0
Dodging        | |  1.5
Spellcasting   | |  1.0
Hexes          | |  2.6

Action                     || total
---------------------------++-------
   Fire: Sling             ||   113
    Use: Scroll            ||     6
         Potion            ||     5
 Armour: Robe              ||     2
         Ring mail         ||    18
  Dodge: Dodged            ||    20

Table legend:
 A = Non-vault XP
 B = Vault XP
 C = Vault XP percentage of total XP
 D = Non-vault monster count
 E = Vault monster count
 F = Vault count percentage of total count
                 A         B        C        D         E       F
            +---------+---------+-------+---------+---------+-------
      Total |      66 |       0 |   0.0 |      31 |       0 |   0.0
            +---------+---------+-------+---------+---------+-------
        D:1 |      21 |       0 |   0.0 |      11 |       0 |   0.0
        D:2 |      13 |       0 |   0.0 |       6 |       0 |   0.0
        D:3 |      27 |       0 |   0.0 |      12 |       0 |   0.0
        D:4 |       5 |       0 |   0.0 |       2 |       0 |   0.0
            +---------+---------+-------+---------+---------+-------
